 Dungeon Crawl Stone Soup version 0.26.0-10-g1f06aea511 (webtiles) character file.

Game seed: 4949884356009631978

22 Goblin1989 the Ruffian (level 2, -3/29 HPs)
             Began as a Troll Delver on Jan 18, 2021.
             Slain by Sigmund
             ... wielding a +0 scythe
              (8 damage)
             ... on level 4 of the Dungeon.
             The game lasted 00:01:44 (157 turns).

Goblin1989 the Ruffian (Troll Delver)                Turns: 157, Time: 00:01:45

Health: -3/29      AC:  6    Str: 19    XL:     2   Next: 68%
Magic:  1/1        EV: 10    Int:  6    God:
Gold:   37         SH:  0    Dex: 11    Spells: 1/1 levels left

rFire    . . .     SeeInvis .     - Unarmed
rCold    . . .     Faith    .   (no shield)
rNeg     . . .     Spirit   .   a - +0 robe
rPois    .         Reflect  .   (helmet restricted)
rElec    .         Harm     .   (no cloak)
rCorr    .         Rampage  .   (gloves unavailable)
Will     .....                  (boots unavailable)
Stlth    +.........             (no amulet)
HPRegen  0.49/turn              (no ring)
MPRegen  0.07/turn              (no ring)

@: confused
A: large, unfitting armour, claws 3, regeneration 1, shaggy fur 1, tough skin 3
a: no special abilities


You were on level 4 of the Dungeon.
You visited 1 branch of the dungeon, and saw 2 of its levels.

You collected 37 gold pieces.

Inventory:

Hand Weapons
 N - a cursed -3 quarterstaff
Armour
 a - a +0 robe (worn)
Wands
 f - a wand of digging (3) {@v1}
Scrolls
 b - a scroll of fog
 d - a scroll of fear
 M - a scroll of magic mapping
Potions
 e - a potion of haste {@q3,}


   Skills:
 - Level 2.4 Fighting
 - Level 1.5 Dodging
 - Level 2.7 Stealth
 + Level 3.3 Unarmed Combat


You had one spell level left.
You didn't know any spells.
Your spell library was empty.

Dungeon Overview and Level Annotations

Branches:
Dungeon (5/15)
 Temple: D:4-7

Altars:

Annotations:
D:4 Sigmund


Innate Abilities, Weirdness & Mutations

You are too large for most types of armour.
You have claws for hands.
Your natural rate of healing is unusually fast.
You are covered in fur. (AC +1)
You have extremely tough skin. (AC +3)


Message History

The adder is almost dead.
The adder bites you.
You take 2 damage, and have 22/29 hp.
You miss the adder.
The adder is almost dead.
The adder closely misses you.
You scratch the adder but do no damage.
The adder is almost dead.
The adder bites you.
You are poisoned.
The adder poisons you!
You scratch the adder.
You kill the adder!
You feel sick.
Your Unarmed Combat skill increases to level 3!
You take 1 damage, and have 21/29 hp.
Unknown command.
You feel sick.
You feel sick.
You feel sick.
You feel sick.
You feel sick.
You are no longer poisoned.
HP restored.
You now have 37 gold pieces (gained 13).
An orc priest comes into view.
Health restored: 29 Unknown command.
Found a stone staircase leading up.
Sigmund the Dreaded comes into view.
He is wielding a +0 scythe.
Sigmund shouts!
A ball python skeleton comes into view.
Sigmund points at you and mumbles some strange words.
The magic dart hits you!
You take 7 damage, and have 22/29 hp.
MASSIVE DAMAGE!!
You scratch Sigmund.
Sigmund is lightly wounded.
Sigmund barely misses you.
You closely miss Sigmund. Your claw misses Sigmund.
Sigmund is lightly wounded.
You barely miss Sigmund.
Sigmund is lightly wounded.
Sigmund hits you with a +0 scythe.
You take 4 damage, and have 21/29 hp.
You barely miss Sigmund.
Sigmund is lightly wounded.
You barely miss Sigmund.
Sigmund is lightly wounded.
Sigmund hits you with a +0 scythe.
You take 6 damage, and have 16/29 hp.
MASSIVE DAMAGE!!
You barely miss Sigmund.
Sigmund is lightly wounded.
Sigmund hits you with a +0 scythe.
You take 1 damage, and have 15/29 hp.
You claw Sigmund!
Sigmund is moderately wounded.
You barely miss Sigmund. You claw Sigmund!
Sigmund is heavily wounded.
Sigmund casts a spell at you.
You are confused.
You're too confused to move!
Sigmund says, "I'm your fate."
Sigmund points at you and mumbles some strange words.
You are more confused.
You scratch Sigmund but do no damage.
Sigmund is heavily wounded.
Sigmund hits you with a +0 scythe.
You take 1 damage, and have 16/29 hp.
You miss Sigmund.
Sigmund is heavily wounded.
You closely miss Sigmund.
Sigmund is heavily wounded.
Sigmund misses you.
Sigmund points at you and mumbles some strange words.
You are more confused.
Okay, then.
Sigmund points at you and mumbles some strange words.
The magic dart hits you.
You bump into the rock wall.
Sigmund hits you but does no damage.
You closely miss Sigmund.
Sigmund is heavily wounded.
Sigmund casts a spell at himself.
Sigmund flickers and vanishes!
Deactivating autopickup; reactivate with Ctrl-A.
Something hits you!
* * * LOW HITPOINT WARNING * * *
You take 7 damage, and have 12/29 hp.
MASSIVE DAMAGE!!
You miss something. Something hits you.
* * * LOW HITPOINT WARNING * * *
You take 2 damage, and have 10/29 hp.
You bump into the rock wall.
A magic dart appears from out of thin air!
The magic dart hits you!
* * * LOW HITPOINT WARNING * * *
You take 7 damage, and have 4/29 hp.
MASSIVE DAMAGE!!
You're too confused to move!
You hear some strange, mumbled words.
Something tries to affect you, but you resist.
You bump into the rock wall.
Something hits you!
You die...

......
.██................█
......
....................
......
.█.................
█.................
█.......████.█....
█.██.....█.█.█....
.. ███.{...█.█ ...
.. ██.█....█ ..
█.@██...█ .......██
...... .......
█..█.. ███.... .██ █
█..<.. .. █..... ..
....... .......


There were no monsters in sight!

Vanquished Creatures
  2 adders (D:4)
  An adder skeleton (D:4)
3 creatures vanquished.

Notes
Turn   | Place    | Note
-------+----------+-------------------------------------------
     0 | D:5      | Goblin1989 the Troll Delver began the quest for the Orb.
     0 | D:5      | Reached XP level 1. HP: 22/22 MP: 0/0
    53 | D:4      | Reached XP level 2. HP: 29/29 MP: 1/1
    82 | D:4      | Reached skill level 3 in Unarmed Combat
   129 | D:4      | Noticed Sigmund
   157 | D:4      | Slain by Sigmund

Illustrated notes

Levels and vault maps discovered:
D:4:      layout_cave_pools, kennysheep_slug_shrine, uniq_sigmund
D:5:      layout_loops_corners, marbit_many_paths,
          gammafunk_temple_overflow_statue, uniq_eustachio

Skill      XL: |  1  2 |
---------------+-------+-----
Unarmed Combat | 3 |  3.3
Fighting       | |  2.4
Dodging        | |  1.5
Stealth        | |  2.7

Action                   || total
-------------------------++-------
Melee: Unarmed           ||    28
       Punch             ||     1
Armor: Robe              ||     3
Dodge: Dodged            ||     9
